 Dungeon Sprint DCSS version 0.15.0 (webtiles) character file.

345 Iskender the Martial Artist (level 6, -3/32 HPs)
             Began as a Vine Stalker Monk on Aug 29, 2014.
             Was a Believer of Qazlal.
             Slain by a slime creature (16 damage)
             ... in the Dungeon (Sprint I: "Red Sonja").
             The game lasted 00:02:39 (237 turns).

Iskender the Martial Artist (Vine Stalker Monk)      Turns: 237, Time: 00:02:40

HP  -3/32        AC  3     Str 15      XL: 6   Next: 58%
MP   0/8         EV 13     Int 10      God: Qazlal [**....]
Gold 297         SH  2     Dex 24      Spells:  0 memorised,  5 levels left

rFire  . . .     SeeInvis .       - Unarmed
rCold  . . .     Clarity  .     i - +0 leather armour
rNeg   . . .     rCorr    .     (no shield)
rPois  .         rRot     +     (no helmet)
rElec  .         Spirit   +     (no cloak)
SustAb .         Warding  .     (no gloves)
rMut   .         NoTele   +     (no boots)
Gourm  .                        (no amulet)
MR     .....                    (no ring)
                                d - ring of Xom's Favour {Str+2 Dex+5}

@: not resistant to hostile enchantments, unstealthy
A: fangs 2, regeneration 2, magic shield, antimagic bite, no device heal 3, rot
immunity
a: Upheaval, Renounce Religion


You were in the Dungeon.
You worshipped Qazlal.
Qazlal was pleased with you.
You were not hungry.

You visited 1 branch You collected 297 gold pieces.

Inventory:

Armour
 a - a +0 robe
 i - a +0 leather armour (worn)
Comestibles
 b - a bread ration
 g - a slice of pizza
Scrolls
 h - a scroll of blinking
Jewellery
 d - the ring of Xom's Favour (left hand) {Str+2 Dex+5}
   (You found it in the Dungeon)

   [ring of dexterity]

   It affects your strength (+2).
   It affects your dexterity (+5).
Potions
 c - a potion of curing
 e - a potion of haste
 f - 2 potions of magic


   Skills:
 - Level 2.6 Fighting
 - Level 2.4 Dodging
 - Level 2.4 Stealth
 - Level 13.5 Unarmed Combat
 + Level 0.0 Invocations


You had 5 spell levels left.
You didn't know any spells.

Dungeon Overview and Level Annotations

Branches:
Dungeon (1/1)

Altars:
Cheibriados
Dithmenos
Elyvilon
Fedhas
Kikubaaqudgha
Makhleb
Nemelex Xobeh
Okawaru
Qazlal
Sif Muna
Trog
Vehumet
Xom
Yredelemnul
Zin
The Shining One
Jiyva

Shops:
D !


Innate Abilities, Weirdness & Mutations

You have extremely sharp teeth.
You heal very quickly.
When hurt, damage is shared between your health and your magic reserves.
Your bite disrupts and absorbs the magic of your enemies.
Potions and wands cannot restore your health.
You are immune to rotting.


Message History

The slime creature hits you!!
Ouch! That really hurt!
There is an open door here.
You punch the slime creature!
The slime creature is severely wounded.
The slime creature closely misses you.
Things that are here:
a robe; a scythe You hit the slime creature.
Your bite misses the slime creature.
The slime creature is severely wounded.
The slime creature hits you.
There is an open door, spattered with blood here.
You punch the slime creature!
You bite the slime creature, but do no damage.
The slime creature is severely wounded.
You punch the slime creature!
The slime creature is almost dead.
The slime creature hits you!!
Ouch! That really hurt!
You die...

###################
#<.#.)').#..'..#__#
#..'..#..@J.#..'..+
#..#####'#####'#__#
#..####..#...#.####
#..#_.####..##.#
#..#_..._##'#..+
#⌠⌠#_.∩...'..._#
####_..._##_.#'#
#_____###+#.#
####### ###


You could see a slime creature.

Vanquished Creatures
  A yak (D)
  An ogre (D)
  Sigmund (D)
  A jelly (D)
  Ijyb (D)
5 creatures vanquished.

Notes
Turn   | Place    | Note
--------------------------------------------------------------
     0 | D        | Iskender, the Vine Stalker Monk, began the quest for the Orb.
     0 | D        | Reached XP level 1. HP: 11/11 MP: 1/1
     2 | D        | Noticed Ijyb
    10 | D        | Killed Ijyb
    10 | D        | Reached skill level 6 in Unarmed Combat
    10 | D        | Reached XP level 2. HP: 16/16 MP: 3/3
    11 | D        | Noticed an ogre
    13 | D        | Killed an ogre
    13 | D        | Reached skill level 9 in Unarmed Combat
    13 | D        | Reached XP level 3. HP: 19/19 MP: 4/4
    13 | D        | Reached XP level 4. HP: 23/23 MP: 5/5
    40 | D        | Noticed Sigmund
    50 | D        | Killed Sigmund
    50 | D        | Reached skill level 11 in Unarmed Combat
    50 | D        | Reached XP level 5. HP: 17/27 MP: 5/7
    86 | D        | Found a deep blue altar of Sif Muna.
    87 | D        | Noticed a jelly
    88 | D        | Found a radiant altar of Vehumet.
    90 | D        | Got a sparkling silver ring
    92 | D        | Killed a jelly
    92 | D        | Reached skill level 12 in Unarmed Combat
    96 | D        | Identified the ring of Xom's Favour {Str+2 Dex+5} (You found it in the Dungeon)
   133 | D        | Found Venaepp's Distillery.
   133 | D        | Found a white marble altar of Elyvilon.
   133 | D        | Found a stormy altar of Qazlal.
   133 | D        | Found a burning altar of Makhleb.
   133 | D        | Found a basalt altar of Yredelemnul.
   133 | D        | Found a glowing golden altar of the Shining One.
   133 | D        | Found a sparkling altar of Nemelex Xobeh.
   133 | D        | Found a shimmering altar of Xom.
   133 | D        | Found an ancient bone altar of Kikubaaqudgha.
   133 | D        | Found a glowing silver altar of Zin.
   133 | D        | Noticed a yak
   135 | D        | Found an iron altar of Okawaru.
   137 | D        | Found a bloodstained altar of Trog.
   139 | D        | Became a worshipper of Qazlal Stormbringer
   139 | D        | Acquired Qazlal's first power
   139 | D        | Acquired Qazlal's second power
   167 | D        | Killed a yak
   167 | D        | Reached skill level 13 in Unarmed Combat
   167 | D        | Gained mutation: You heal very quickly. [vine stalker growth]
   167 | D        | Reached XP level 6. HP: 5/32 MP: 2/8
   222 | D        | Found a snail-covered altar of Cheibriados.
   222 | D        | Found a viscous altar of Jiyva.
   222 | D        | Found a shadowy altar of Dithmenos.
   222 | D        | Found a blossoming altar of Fedhas.
   222 | D        | Noticed a slime creature
   237 | D        | Slain by a slime creature

Action                   |  1- 3 |  4- 6 || total
-------------------------+-------+-------++-------
Melee: Unarmed           |     5 |    19 ||    24
  Use: Potion            |     1 |       ||     1
